 Dungeon Crawl Stone Soup version 0.23-a0-644-gb60d84b (webtiles) character file.

67 zishaf the Sneak (level 3, 0/28 HPs)
             Began as a Vampire Assassin on Jan 1, 2019.
             Slain by an orc
             ... wielding a +0 trident
              (3 damage)
             ... on level 3 of the Dungeon.
             The game lasted 00:03:11 (2668 turns).

zishaf the Sneak (Vampire Assassin)                 Turns: 2668, Time: 00:03:12

Health: 0/28       AC:  6    Str: 11    XL:     3   Next: 98%
Magic:  3/3        EV: 11    Int: 13    God:
Gold:   85         SH:  0    Dex: 15    Spells: 2/2 levels left

rFire    . . .     SeeInvis +   a - +2 dagger
rCold    + + .     Gourm    .   (no shield)
rNeg     + + +     Faith    .   h - +0 ring mail
rPois    ∞         Spirit   .   (no helmet)
rElec    .         Reflect  .   d - +0 cloak
rCorr    .         Harm     .   (no gloves)
MR       .....                  (no boots)
Stlth    +++++.....             (no amulet)
HPRegen  0.00/turn              (no ring)
MPRegen  0.08/turn              (no ring)

@: bloodless, non-regenerating
A: fangs 3, see invisible, unbreathing
a: Bat Form


You were on level 3 of the Dungeon.
You were bloodless.

You visited 1 branch of the dungeon, and saw 3 of its levels.

You collected 85 gold pieces.

Inventory:

Hand Weapons
 a - a +2 dagger (weapon)
 b - a +0 blowgun
Missiles
 e - 8 poisoned needles
 f - 2 curare-tipped needles
Armour
 d - a +0 cloak (worn)
 h - a +0 ring mail (worn)
Scrolls
 i - a scroll of teleportation {unknown}
 j - 2 scrolls of random uselessness {unknown}
 m - a scroll of remove curse {unknown}
 n - a scroll of fear {unknown}
 p - a scroll of identify {unknown}
 r - a scroll of enchant armour {unknown}
Potions
 c - a potion of cancellation {unknown}
 g - a potion of resistance {unknown}
 k - 2 potions of flight {unknown}
 l - 2 potions of agility {unknown}
 o - a potion of ambrosia {unknown}
 q - 12 potions of blood


   Skills:
 + Level 2.6 Fighting
 + Level 3.2 Short Blades
 - Level 1.5 Throwing
 + Level 2.4 Dodging
 - Level 6.0 Stealth


You had 2 spell levels left.
You didn't know any spells.
Your spell library was empty.

Dungeon Overview and Level Annotations

Branches:
Dungeon (3/15)

Altars:
Xom


Innate Abilities, Weirdness & Mutations

You do not heal naturally.
You are immune to poison.
You have razor-sharp teeth.
You have supernaturally acute eyesight. (SInv)
You can survive without breathing.


Message History

The orc priest is heavily wounded.
The orc priest hits you with a +0 hand axe.
* * * LOW HITPOINT WARNING * * *
The orc hits you with a +0 short sword.
* * * LOW HITPOINT WARNING * * *
The orc hits you.
* * * LOW HITPOINT WARNING * * *
You hit the orc priest but do no damage.
The orc priest is heavily wounded.
The orc closely misses you.
The orc priest hits you with a +0 hand axe.
* * * LOW HITPOINT WARNING * * *
The orc hits you with a +0 short sword.
* * * LOW HITPOINT WARNING * * *
The orc closely misses you.
You hit the orc priest but do no damage.
Your bite misses the orc priest.
The orc priest is heavily wounded.
The orc hits you with a +0 trident.
You die...

#. #. ###.## #.....
#.....## ########
#......# .......##
#....oo# ###.....#
#....o@# # #.....#
#....o.#### s# ###...#
######....#..# ####...#
#......># ##......#
#....#### #.......#
#.....#
#..####.########.....##
#....................(.#
#.......#########...##.#


You could see an orc priest and 3 orcs.

Vanquished Creatures
  2 adders (D:3)
  2 oozes (D:1)
  A worm (D:2)
  2 dart slugs (D:1)
  2 leopard geckos (D:1)
  A giant cockroach (D:2)
  5 goblins (D:1)
  3 hobgoblins (D:1)
  7 bats
  A frilled lizard (D:1)
  3 kobolds (D:1)
  4 rats
33 creatures vanquished.

Notes
Turn   | Place    | Note
-------+----------+-------------------------------------------
     0 | D:1      | zishaf the Vampire Assassin began the quest for the Orb.
     0 | D:1      | Reached XP level 1. HP: 16/16 MP: 1/1
   211 | D:1      | Reached skill level 6 in Stealth
   222 | D:1      | Reached XP level 2. HP: 22/22 MP: 2/2
   767 | D:1      | Reached XP level 3. HP: 20/27 MP: 3/3
  1357 | D:2      | HP: 1/28 [worm (8)]
  2137 | D:2      | Found a shimmering altar of Xom.
  2139 | D:2      | Found a shimmering altar of Xom.
  2148 | D:2      | Found a shimmering altar of Xom.
  2149 | D:2      | Found a shimmering altar of Xom.
  2150 | D:2      | Found a shimmering altar of Xom.
  2150 | D:2      | Found a shimmering altar of Xom.
  2151 | D:2      | Found a shimmering altar of Xom.
  2668 | D:3      | Slain by an orc

Vault maps used:
D:1:      erik_arrival_gehennom
D:2:      xom_redecorated, first_ration
D:3:      kennysheep_big_flooded_room

Skill      XL: |  1  2  3 |
---------------+----------+-----
Stealth        | 6 |  6.0
Fighting       | 2 |  2.6
Dodging        | 2 |  2.4
Short Blades   | 3 |  3.2
Throwing       | |  1.5

Action                   || total
-------------------------++-------
Melee: Dagger            ||   123
       Bite              ||     6
  Use: Potion            ||     1
 Stab: Sleeping          ||    12
Armor: Ring mail         ||    32
       Robe              ||     2
Dodge: Dodged            ||    63

Table legend:
 A = Non-vault XP
 B = Vault XP
 C = Vault XP percentage of total XP
 D = Non-vault monster count
 E = Vault monster count
 F = Vault count percentage of total count
                 A         B        C        D         E       F
            +---------+---------+-------+---------+---------+-------
      Total |      79 |      17 |  17.7 |      28 |       5 |  15.2
            +---------+---------+-------+---------+---------+-------
        D:1 |      39 |      17 |  30.4 |      19 |       5 |  20.8
        D:2 |      10 |       0 |   0.0 |       5 |       0 |   0.0
        D:3 |      30 |       0 |   0.0 |       4 |       0 |   0.0
            +---------+---------+-------+---------+---------+-------
